 Dungeon Crawl Stone Soup version 0.14-a0-2100-g3cf34dd (webtiles) character file.

370 Kae the Basher (level 6, -12/76 HPs)
             Began as a Minotaur Berserker on Jan 26, 2014.
             Was a Priest of Trog.
             Mangled by Prince Ribbit (14 damage)
             ... on Level 4 of the Dungeon.
             The game lasted 00:03:05 (2438 turns).

Kae the Basher (Minotaur Berserker)                 Turns: 2438, Time: 00:03:05

HP -12/76        AC  6     Str 27      XL: 6   Next:  9%
MP   3/3         EV  9     Int  6      God: Trog [***...]
Gold 81          SH  0     Dex  9      Spells:  0 memorised,  5 levels left

rFire  . . .     SeeInvis .     e - +2,+4 whip
rCold  . . .     Clarity  .     m - +0 scale mail (curse)
rNeg   . . .     Conserve .     (no shield)
rPois  .         rCorr    .     (helmet restricted)
rElec  .         rRot     .     (no cloak)
SustAb . .       Spirit   .     (no gloves)
rMut   .         Warding  .     (no boots)
Saprov . . .     Stasis   .     (no amulet)
MR     .....                    (no ring)
                                (no ring)

@: berserking, very quick, not resistant to hostile enchantments, extremely
unstealthy
A: retaliatory headbutt, horns 2
a: Burn Spellbooks, Berserk, Trog's Hand, Renounce Religion


You were on level 4 of the Dungeon.
You worshipped Trog.
Trog was most pleased with you.
You were hungry.

You visited 1 branch of the dungeon, and saw 4 of its levels.

You collected 81 gold pieces.

Inventory:

Hand weapons
 a - a +0,+0 mace
 e - a +2,+4 whip (weapon)
Armour
 m - a cursed +0 scale mail (worn)
Comestibles
 c - 4 bread rations
 u - a meat ration
 A - a rotting chunk of worm flesh
Scrolls
 b - a scroll of immolation {unknown}
 f - 2 scrolls of identify {unknown}
 g - 4 scrolls of remove curse {unknown}
 h - 3 scrolls of curse weapon {unknown}
 j - a scroll of enchant armour {unknown}
 l - 2 scrolls of blinking {unknown}
 o - a scroll of random uselessness {unknown}
 p - a scroll of enchant weapon I {unknown}
 r - 2 scrolls of enchant weapon II {unknown}
 v - a scroll of fear {unknown}
Jewellery
 d - an uncursed ring of ice
 y - a cursed ring of teleportation {unknown}
Potions
 k - a potion of restore abilities {unknown}
 n - 5 potions of lignification {unknown}
 q - a potion of curing {unknown}
 s - a potion of heal wounds {unknown}
 t - a potion of invisibility {unknown}
 x - a potion of paralysis {unknown}
 z - a potion of blood


   Skills:
 - Level 3.6 Fighting
 + Level 8.3 Maces & Flails
 - Level 2.4 Armour
 - Level 2.1 Dodging


You had 5 spell levels left.
You didn't know any spells.

Dungeon Overview and Level Annotations

Branches:
Dungeon (4/16)
 Temple: D:4-7

Altars:

Annotations:
D:4 Prince Ribbit


Innate Abilities, Weirdness & Mutations

You reflexively headbutt those who attack you in melee.
You have a pair of horns on your head.


Message History

You whack Prince Ribbit!
Your headbutt passes through Prince Ribbit as he momentarily phases out.
Prince Ribbit is heavily wounded.
Prince Ribbit blinks!
Prince Ribbit croaks regally.
Eat which item? (? for menu, Esc to quit)
You are feeling hungry.
You continue eating.
Prince Ribbit hits you!
* * * LOW HITPOINT WARNING * * *
You finish eating.
Mmmm...
Yummy apple.
Use which ability? (? or * to list)
A red film seems to cover your vision as you go berserk!
You feel yourself moving faster!
You feel mighty!
You feel somewhat more hungry. Prince Ribbit hits you!
* * * LOW HITPOINT WARNING * * *
You hit Prince Ribbit.
Prince Ribbit is heavily wounded.
Prince Ribbit hits you!
You die...

....!....>#
+..........#
#...(.F....#
#..........#
#..?...?...#
#..........#
##'# ######..#
#.@F...##
#.###### #.#
##.#########
#..........#
#..........# .#
#..........#
...
#..........#
#..#..........#


You could see Prince Ribbit.

Vanquished Creatures
  An ogre (D:4)
  An orc priest (D:3)
  An orc wizard (D:3)
  3 adders
  4 gnolls
  A worm (D:3)
  2 giant geckos
  2 oozes
  3 orcs (D:3)
  A ball python (D:3)
  7 bats
  13 goblins
  5 hobgoblins
  A jackal (D:1)
  4 kobolds (D:3)
  3 quokkas
  5 giant cockroaches
  A giant newt (D:1)
  8 rats
  A rat skeleton (D:4)
67 creatures vanquished.

Notes
Turn   | Place    | Note
--------------------------------------------------------------
     0 | D:1      | Kae, the Minotaur Berserker, began the quest for the Orb.
     0 | D:1      | Reached XP level 1. HP: 19/19 MP: 1/1
   154 | D:1      | Reached skill level 4 in Maces & Flails
   200 | D:1      | Reached XP level 2. HP: 6/26 MP: 1/1
   500 | D:1      | Acquired Trog's second power
   592 | D:1      | Reached skill level 5 in Maces & Flails
   607 | D:1      | Reached XP level 3. HP: 31/31 MP: 2/2
  1504 | D:3      | Reached XP level 4. HP: 39/39 MP: 2/2
  1533 | D:3      | Reached skill level 6 in Maces & Flails
  1974 | D:3      | Reached skill level 7 in Maces & Flails
  1974 | D:3      | Reached XP level 5. HP: 39/45 MP: 2/2
  2343 | D:4      | Noticed an ogre
  2352 | D:4      | Killed an ogre
  2352 | D:4      | Reached skill level 8 in Maces & Flails
  2352 | D:4      | Reached XP level 6. HP: 39/51 MP: 3/3
  2422 | D:4      | Noticed Prince Ribbit
  2437 | D:4      | HP: 2/76 [Prince Ribbit (14)]
  2438 | D:4      | Mangled by Prince Ribbit

Action                   |  1- 3 |  4- 6 || total
-------------------------+-------+-------++-------
Melee: Whip              |    77 |    93 ||   170
Invok: Berserk           |       |     2 ||     2
